 Dungeon Crawl Stone Soup version 0.19.1 (webtiles) character file.

1250 w00t the Ruffian (level 8, -4/79 HPs)
             Began as a Troll Monk on Dec 17, 2016.
             Was a Believer of Cheibriados.
             Slain by an unseen horror (6 damage)
             ... on level 6 of the Dungeon.
             The game lasted 00:14:45 (4897 turns).

w00t the Ruffian (Troll Monk)                       Turns: 4897, Time: 00:14:45

Health: -4/79      AC:  5    Str: 25 (26) XL:     8   Next: 26%
Magic:  16/16      EV: 13    Int: 10 (12) God:    Cheibriados [**....]
Gold:   287        SH:  0    Dex: 17 (20) Spells: 0 memorised, 7 levels left

rFire  . . .     SeeInvis .       - Unarmed
rCold  . . .     Gourm    +     a - +0 robe
rNeg   . . .     Faith    .     (no shield)
rPois  .         Spirit   .     (helmet restricted)
rElec  .         Reflect  .     (no cloak)
rCorr  .         Harm     .     (gloves unavailable)
MR     .....                    (boots unavailable)
Stlth  ++........               (no amulet)
                                (no ring)
                                r - ring of magical power

@: flying, very slow
A: unfitting armour, claws 3, fast metabolism 3, gourmand, regeneration 1,
shaggy fur 1, tough skin 2
a: Bend Time, Renounce Religion


You were on level 6 of the Dungeon.
You worshipped Cheibriados.
Cheibriados was pleased with you.
You were full.

You visited 2 branches of the dungeon, and saw 7 of its levels.

You collected 287 gold pieces.

Inventory:

Hand Weapons
 k - the +1 long sword of Pesebluat {venom, rElec MR+, unknown}
   (You found it on level 5 of the Dungeon)

   It poisons the flesh of those it strikes.
   It insulates you from electricity.
   It affects your resistance to hostile enchantments.
Missiles
 h - 158 stones (quivered)
Armour
 a - a +0 robe (worn)
Jewellery
 r - a ring of magical power (left claw)
 u - a +4 ring of dexterity {unknown}
Wands
 q - a wand of teleportation (4/9)
 s - a wand of lightning (6/15)
 t - a wand of teleportation (5/9)
Scrolls
 c - 8 scrolls of identify {unknown}
 d - a scroll of enchant weapon {unknown}
 i - 3 scrolls of recharging {unknown}
 m - 3 scrolls of magic mapping {unknown}
 o - 3 scrolls of remove curse {unknown}
 v - a scroll of blinking {unknown}
Potions
 e - a potion of flight
 g - a potion of ambrosia
 p - a potion of curing {unknown}
Books
 f - a book of Geomancy

   Spells                             Type                      Level
   a - Sandblast                      Earth                        1
   b - Passwall                       Transmutation/Earth          2
   c - Stone Arrow                    Conjuration/Earth            3
   d - Petrify                        Transmutation/Earth          4
   e - Lee's Rapid Deconstruction     Earth                        5
Comestibles
 b - 5 bread rations
 j - 3 beef jerkies
 l - 13 fruits


   Skills:
 + Level 4.8 Fighting
 * Level 5.3 Dodging
 - Level 1.0 Stealth
 + Level 7.1 Unarmed Combat


You had 7 spell levels left.
You didn't know any spells.

Dungeon Overview and Level Annotations

Branches:
Dungeon (6/15)             Temple (1/1) D:4

Altars:
Cheibriados
Dithmenos
Elyvilon
Fedhas
Gozag
Hepliaklqana
Makhleb
Nemelex Xobeh
Qazlal
Ru
Sif Muna
Trog
Uskayaw
Vehumet
Xom
Yredelemnul
Zin
The Shining One


Innate Abilities, Weirdness & Mutations

You are too large for most types of armour.
You have claws for hands.
Your metabolism is lightning-fast.
You like to eat raw meat.
Your natural rate of healing is unusually fast.
You are covered in fur. (AC +1)
You have very tough skin. (AC +2)


Message History

Something hits you!
* * * LOW HITPOINT WARNING * * *
Something hits you.
* * * LOW HITPOINT WARNING * * *
Something completely misses you.
You bump into the rock wall.
You feel less invigorated.
You feel less confused. Something completely misses you. Something hits you. x2
You start resting.
Something hits you.
* * * LOW HITPOINT WARNING * * *
Something hits you!
* * * LOW HITPOINT WARNING * * *
Something hits you.
* * * LOW HITPOINT WARNING * * *
Something hits you but does no damage. Something hits you but does no damage.
Something hits you!
* * * LOW HITPOINT WARNING * * *
You miss something. Something hits you.
You die...

......###)#######.#####...#.#
......# #.# #.# ##....#
......###+##### #.# #.#..#
..............# #.# #....#
###...........###.# ##...#
#...........+...## #...#
#...........###..#######..#
#............{.#.....#...>#
#............#@....#....###
####..$......##...##.....#
#........{###.###.....#
#......###.##.##.###..#
#.......# #.#.#.###...#
####.##..# ##.####....# #..
#.....♣)....#.##
##.#..####.####...# .. ## #.
##..#


There were no monsters in sight!

Vanquished Creatures
  The ghost of Vetruvian the Skirmisher, a novice DsGl of Uskayaw (D:5)
  A sky beast (D:5)
  A phantom (D:4)
  An ogre (D:4)
  3 scorpions
  A crimson imp (D:5)
  2 orc priests (D:3)
  An orc wizard (D:6)
  2 hounds
  Natasha (twice) (D:4)
  2 worker ants (D:6)
  A worker ant zombie (D:6)
  4 gnolls (D:3)
  11 adders
  3 worms
  A dart slug (D:1)
  A leopard gecko (D:2)
  7 orcs
  9 bats
  7 giant cockroaches
  5 goblins
  7 hobgoblins
  12 jackals
  2 quokkas
  A ball python zombie (D:6)
  8 frilled lizards
  A jackal zombie (D:5)
  6 kobolds
  11 rats
114 creatures vanquished.

Vanquished Creatures (others)
  2 orcs (D:3)
  A quokka (D:4)
  A bat (D:3)
4 creatures vanquished.

Grand Total: 118 creatures vanquished

Notes
Turn   | Place    | Note
-------+----------+-------------------------------------------
     0 | D:1      | w00t the Troll Monk began the quest for the Orb.
     0 | D:1      | Reached XP level 1. HP: 22/22 MP: 0/0
   192 | D:2      | Reached XP level 2. HP: 29/29 MP: 1/1
   523 | D:2      | Reached skill level 4 in Unarmed Combat
   523 | D:2      | Reached XP level 3. HP: 32/36 MP: 2/2
  1515 | D:3      | Found a shimmering altar of Xom.
  1539 | D:3      | Reached XP level 4. HP: 40/44 MP: 3/3
  1661 | D:3      | Reached skill level 5 in Unarmed Combat
  1812 | D:3      | Reached XP level 5. HP: 49/53 MP: 4/4
  2278 | D:3      | Found a glowing golden altar of the Shining One.
  2278 | D:3      | Found a basalt altar of Yredelemnul.
  2326 | D:3      | Noticed an angel
  2342 | D:3      | Noticed a profane servitor
  2570 | D:3      | Found a shimmering altar of Xom.
  2572 | D:3      | Found a shadowy altar of Dithmenos.
  2572 | D:3      | Found a hazy altar of Hepliaklqana.
  2574 | D:3      | Found a basalt altar of Yredelemnul.
  2574 | D:3      | Found a shadowy altar of Dithmenos.
  2574 | D:3      | Found a burning altar of Makhleb.
  2841 | D:4      | Noticed an ogre
  2855 | D:4      | Killed an ogre
  2855 | D:4      | Reached skill level 6 in Unarmed Combat
  2855 | D:4      | Reached XP level 6. HP: 23/61 MP: 5/5
  3274 | D:4      | Found a sparkling altar of Nemelex Xobeh.
  3343 | D:4      | Found a staircase to the Ecumenical Temple.
  3367 | Temple   | Entered the Ecumenical Temple
  3562 | Temple   | Became a worshipper of Cheibriados the Contemplative
  3562 | Temple   | Reached * piety under Cheibriados
  3562 | Temple   | Reached ** piety under Cheibriados
  3657 | D:4      | Reached XP level 7. HP: 68/68 MP: 6/6
  3661 | D:4      | Noticed Natasha
  3663 | D:4      | Killed Natasha
  3678 | D:4      | Noticed Natasha
  3684 | D:4      | Killed Natasha
  3824 | D:5      | Entered Level 5 of the Dungeon
  3860 | D:5      | Found a hide-covered altar of Uskayaw.
  3876 | D:5      | Noticed Vetruvian's ghost (novice DsGl)
  3879 | D:5      | Got a bloodstained long sword
  3898 | D:5      | Killed Vetruvian's ghost
  4129 | D:5      | Reached skill level 5 in Dodging
  4129 | D:5      | Reached XP level 8. HP: 71/79 MP: 7/7
  4213 | D:5      | Reached skill level 7 in Unarmed Combat
  4633 | D:6      | Found a burning altar of Makhleb.
  4633 | D:6      | Found an opulent altar of Gozag.
  4896 | D:6      | HP: 2/79 [something (8)]
  4897 | D:6      | Slain by an unseen horror

Skill      XL: |  1  2  3  4  5  6  7  8 |
---------------+-------------------------+-----
Unarmed Combat | 4 5 6 7 |  7.1
Fighting       | 3 4 |  4.8
Dodging        | 3 5 |  5.3
Stealth        | |  1.0

Action                   |  1- 3 |  4- 6 |  7- 9 || total
-------------------------+-------+-------+-------++-------
Melee: Unarmed           |   120 |   137 |    76 ||   333
       Punch             |     1 |     3 |     1 ||     5
  Use: Potion            |       |       |     3 ||     3
 Stab: Sleeping          |     3 |     2 |       ||     5
  Eat: Chunk             |    19 |    15 |     8 ||    42
Armor: Robe              |    42 |    52 |    26 ||   120
Dodge: Dodged            |    56 |    68 |    45 ||   169
